 Dungeon Sprint DCSS version 0.19.0-11-g3fc08b3 (webtiles) character file.

65 poirepourri the Ruffian (level 4, -3/39 (40) HPs)
             Began as a Ghoul Warper on Nov 9, 2016.
             Slain by a water elemental (16 damage)
             ... in the Dungeon (Sprint III: "The Ten Rune Challenge").
             The game lasted 00:01:19 (532 turns).

poirepourri the Ruffian (Ghoul Warper)               Turns: 532, Time: 00:01:19

HP:   -3/39 (40)    AC:  3    Str: 14    XL:     4   Next: 13%
MP:   5/7           EV: 12    Int:  8    God:
Gold: 19            SH:  0    Dex:  9    Spells: 3 memorised, 2 levels left

rFire  . . .     SeeInvis .       - Unarmed
rCold  + . .     Gourm    .     a - +0 leather armour
rNeg   + + +     Faith    .     (no shield)
rPois  ∞         Spirit   .     (no helmet)
rElec  .         Reflect  .     (no cloak)
rCorr  .         Harm     .     (no gloves)
MR     .....     NoTele   +     (no boots)
Stlth  +.........               (no amulet)
                                (no ring)
                                (no ring)

@: engulfed, rotting
A: rotting body, claws 1, carnivore 3, cold resistance 1, negative energy
resistance 3, slow regeneration 1, torment resistance, unbreathing
a: no special abilities


You were in the Dungeon.
You were not hungry.

You visited 1 branch You collected 19 gold pieces.

Inventory:

Missiles
 d - 5 tomahawks of dispersal (quivered)
Armour
 a - a +0 leather armour (worn)
Scrolls
 c - 2 scrolls of blinking
 m - 4 scrolls of remove curse
Potions
 e - a potion of curing
 g - 2 potions of mutation
 h - a potion of haste
 i - 2 potions of magic
 j - a potion of berserk rage
 n - 2 potions of flight
 q - a potion of lignification
Books
 b - a book of Spatial Translocations

   Spells                             Type                      Level
   a - Blink                          Translocation                2
   b - Shroud of Golubria             Charms/Translocation         2
   c - Lesser Beckoning               Translocation                3
   d - Portal Projectile              Translocation                3
   e - Teleport Other                 Translocation                3
   f - Passage of Golubria            Translocation                4
Comestibles
 f - a meat ration
 p - a royal jelly


   Skills:
 + Level 4.0 Fighting
 + Level 1.1 Throwing
 + Level 2.2 Armour
 + Level 3.3 Dodging
 + Level 5.2 Unarmed Combat
 + Level 3.0 Spellcasting
 + Level 0.1 Charms
 + Level 3.1 Translocations


You had 2 spell levels left.
You knew the following spells:

 Your Spells              Type           Power        Failure   Level  Hunger
a - Blink                 Tloc           N/A          21%         2    ###....
b - Shroud of Golubria    Chrm/Tloc      #.........   34%         2    ###....
c - Lesser Beckoning      Tloc           #.........   38%         3    ####...


Dungeon Overview and Level Annotations

Branches:
Dungeon (1/1)

Altars:


Innate Abilities, Weirdness & Mutations

Your body is rotting away.
You thrive on raw meat.
You are immune to poison.
You have sharp fingernails.
You are carnivorous and can eat meat at any time.
Your flesh is cold resistant. (rC+)
You are immune to negative energy. (rN+++)
You regenerate slowly when monsters are visible.
You are immune to unholy pain and torment.
You can survive without breathing.


Message History

Space distorts slightly along a thin shroud covering your body.
You open the door.
A water elemental comes into view.
The water elemental hits you.
The water elemental engulfs you in water!
There is an open door to the Ecumenical Temple here.
You scratch the water elemental.
The water elemental is lightly damaged.
Your shroud bends the water elemental's attack away!
You scratch the water elemental.
The water elemental is lightly damaged.
The water elemental hits you.
You barely miss the water elemental.
The water elemental is lightly damaged.
The water elemental hits you!
Your shroud falls apart!
You barely miss the water elemental.
The water elemental is lightly damaged.
The water elemental hits you!
You die...

▓▓▓▓▓▓▓▓▓▓▓ ▓▓▓
.#%.'.....♣♣ ♣.#
.#!.#......♣ ♣.#
'####......♣ ♣.#
....#....≈♣♣♣♣♣.###+#+##
....#...≈≈♣..♣..#.......
....#..≈≈≈≈♣....@E⌠.....
###'#..≈≈≈≈≈≈.♣.#...####
...)#.≈≈≈≈≈≈....#.⌠.#
....#.≈≈≈≈≈.....#...#
....#.≈≈≈.......#+###
#####...........#
...†÷...........#
▓▓▓▓▓▓▓▓▓▓▓▓▓▓▓▓▓


You could see a water elemental.

Vanquished Creatures
  Jessica (D)
  A human (D)
  A wolf (D)
  An ooze (D)
  2 rats (D)
6 creatures vanquished.

Vanquished Creatures (others)
  2 draconian scorchers (D)
  6 hellions (D)
  A yaktaur (D)
  2 plants (D)
11 creatures vanquished.

Grand Total: 17 creatures vanquished

Notes
Turn   | Place    | Note
-------+----------+-------------------------------------------
     0 | D        | poirepourri the Ghoul Warper began the quest for the Orb.
     0 | D        | Reached XP level 1. HP: 17/17 MP: 2/2
     7 | D        | Reached skill level 1 in Throwing
     7 | D        | Reached skill level 1 in Armour
     7 | D        | Reached skill level 3 in Unarmed Combat
    67 | D        | Killed a yaktaur
    94 | D        | Killed a hellion
   104 | D        | Killed a hellion
   106 | D        | Killed a hellion
   106 | D        | Killed a hellion
   107 | D        | Killed a hellion
   107 | D        | Killed a hellion
   136 | D        | Noticed Jessica
   143 | D        | Killed Jessica
   143 | D        | Reached skill level 4 in Unarmed Combat
   143 | D        | Reached XP level 2. HP: 20/26 MP: 2/4
   143 | D        | Reached XP level 3. HP: 24/32 MP: 3/6
   172 | D        | Learned a level 2 spell: Blink
   175 | D        | Learned a level 2 spell: Shroud of Golubria
   179 | D        | Learned a level 3 spell: Lesser Beckoning
   265 | D        | Killed a white draconian scorcher
   268 | D        | Killed a white draconian scorcher
   335 | D        | Reached skill level 5 in Unarmed Combat
   335 | D        | Reached XP level 4. HP: 40/40 MP: 2/7
   527 | D        | Noticed a water elemental
   532 | D        | Slain by a water elemental

Skill      XL: |  1  2  3 |
---------------+----------+-----
Throwing       | 1 |  1.1
Armour         | 1 2 |  2.2
Dodging        | 3 |  3.3
Unarmed Combat | 4 5 |  5.2
Spellcasting   | 2 3 |  3.0
Fighting       | 3 4 |  4.0
Translocations | 3 |  3.1
Charms         | |  0.1

Action                   |  1- 3 |  4- 6 || total
-------------------------+-------+-------++-------
Melee: Unarmed           |    44 |     4 ||    48
 Cast: Shroud of Golubri |     3 |     1 ||     4
  Use: Potion            |     1 |       ||     1
       Scroll            |       |     5 ||     5
Armor: Leather armour    |     8 |       ||     8
Dodge: Dodged            |    38 |       ||    38
